 Dungeon Crawl Stone Soup version 0.18.1-1-g2f07953 (webtiles) character file.

93 Wooh the Ducker (level 4, -10/23 HPs)
             Began as a Spriggan Abyssal Knight on May 6, 2016.
             Was a Priest of Lugonu.
             Killed by divine providence
             ... invoked by an orc priest
              (14 damage)
             ... on level 3 of the Dungeon.
             The game lasted 00:07:05 (2138 turns).

Wooh the Ducker (Spriggan Abyssal Knight)           Turns: 2138, Time: 00:07:06

Health: -10/23     AC:  2    Str:  9    XL:     4   Next: 37%
Magic:  6/6        EV: 20    Int: 13    God:    Lugonu [***...]
Gold:   72         SH:  4    Dex: 15    Spells: 0 memorised, 3 levels left

rFire  . . .     SeeInvis +     e - +2 dagger (freeze)
rCold  . . .     Gourm    .     b - +0 robe
rNeg   . . .     Faith    .     (shield restricted)
rPois  .         Spirit   .     (helmet restricted)
rElec  .         Dismiss  .     (no cloak)
rCorr  .         Reflect  +     (gloves unavailable)
SustAt .         Harm     .     (boots unavailable)
MR     .....                    l - +4 amulet of reflection
Stlth  ++........               (no ring)
                                (no ring)

@: very quick, not resistant to hostile enchantments, unstealthy
A: unfitting armour, see invisible, herbivore 3, speed 3, slow metabolism 2
a: Depart the Abyss, Bend Space, Banish, Renounce Religion


You were on level 3 of the Dungeon.
You worshipped Lugonu.
Lugonu was most pleased with you.
You were not hungry.

You visited 1 branch of the dungeon, and saw 3 of its levels.
You visited the Abyss 1 time.

You collected 72 gold pieces.

Inventory:

Hand Weapons
 e - a +2 dagger of freezing (weapon)
Armour
 b - a +0 robe (worn)
Jewellery
 l - a +4 amulet of reflection (around neck)
Scrolls
 a - a scroll of identify
 f - a scroll of remove curse
 k - a scroll of teleportation {unknown}
Potions
 d - a potion of haste
 h - a potion of magic
 j - a potion of degeneration {unknown}
Comestibles
 c - 5 bread rations


   Skills:
 - Level 2.4 Fighting
 * Level 3.6 Short Blades
 - Level 5.0 Dodging
 + Level 3.0 Stealth
 - Level 1.7 Invocations


You had 3 spell levels left.
You didn't know any spells.

Dungeon Overview and Level Annotations

Branches:
Dungeon (3/15)

Altars:
Nemelex Xobeh
Okawaru


Innate Abilities, Weirdness & Mutations

You are tiny and cannot use many weapons and most armour.
You have supernaturally acute eyesight.
You are a herbivore.
You cover ground extremely quickly.
You need consume almost no food.


Message History

Things that are here:
a whip; a ring mail You closely miss the orc priest.
The orc priest invokes the aid of Beogh against you.
You struggle to resist.
You hit the orc priest. You freeze the orc priest.
The orc priest is lightly wounded.
The orc priest barely misses you.
You hit the orc priest. You freeze the orc priest.
The orc priest is heavily wounded.
You hit the orc priest. You freeze the orc priest.
The orc priest is severely wounded.
The orc priest hits you.
* * * LOW HITPOINT WARNING * * *
You hit the orc priest. You freeze the orc priest.
The orc priest is almost dead.
The orc priest invokes the aid of Beogh against you.
Beogh smites you!
Ouch! That really hurt!
You die...

......#########.....## #....
.............##o.†...# #(...
.... ......#.##......# #.<..
...> ................###....
#.##.#.....#.##......#......
. ...........'.............
....###.##......#.(....
##.####.##......#.(....
#....@o##......#...##.
#########.............
#####......... #.........
##.####+#( #.###....
#..##.... #[..+....
##.##.^.=


You could see an orc priest.

Vanquished Creatures
  2 adders (D:2)
  An ooze (D:3)
  4 worms
  3 dart slugs
  A giant gecko (D:1)
  An orc (D:3)
  2 giant cockroaches
  5 hobgoblins
  3 jackals (D:1)
  10 kobolds
  A quokka (D:2)
  8 bats
  3 giant newts
  3 goblins (D:1)
  7 rats
  A plant (D:1)
55 creatures vanquished.

Notes
Turn   | Place    | Note
--------------------------------------------------------------
     0 | Abyss:1  | Wooh the Spriggan Abyssal Knight began the quest for the Orb.
     0 | Abyss:1  | Reached XP level 1. HP: 11/11 MP: 3/3
     3 | Abyss:1  | Found a burning altar of Makhleb.
    24 | D:1      | Escaped the Abyss
    40 | D:1      | Reached skill level 4 in Dodging
   159 | D:1      | Reached XP level 2. HP: 15/16 MP: 4/4
   244 | D:1      | Reached skill level 5 in Dodging
   293 | D:1      | Reached ** piety under Lugonu
   467 | D:1      | Reached XP level 3. HP: 19/19 MP: 5/5
   522 | D:1      | Found an iron altar of Okawaru.
   533 | D:1      | Reached skill level 1 in Stealth
   871 | D:2      | Found a sparkling altar of Nemelex Xobeh.
  1482 | D:2      | Reached XP level 4. HP: 7/23 MP: 6/6
  2021 | D:3      | Reached *** piety under Lugonu
  2138 | D:3      | Killed from afar by an orc priest

Skill      XL: |  1  2  3  4 |
---------------+-------------+-----
Dodging        | 4 5 |  5.0
Stealth        | 2 3 |  3.0
Short Blades   | 3 |  3.6
Fighting       | |  2.4
Invocations    | |  1.7

Action                   |  1- 3 |  4- 6 || total
-------------------------+-------+-------++-------
Melee: Short sword       |   212 |     7 ||   219
       Dagger            |       |    35 ||    35
  Use: Scroll            |     5 |     3 ||     8
 Stab: Sleeping          |     6 |     3 ||     9
       Distracted        |     1 |       ||     1
Armor: Robe              |    10 |     2 ||    12
Dodge: Dodged            |   120 |    24 ||   144
Block: Other             |       |     1 ||     1
